 Dungeon Crawl Stone Soup version 0.30.1-9-gdf580d7c3d (webtiles) character file.

Game seed: 15175492215320076285

147 leafyfresh the Trooper (level 5, 0/47 HPs)
             Began as a Minotaur Delver on Oct 26, 2023.
             Killed from afar by a white imp (14 damage)
             ... with a puff of frost
             ... on level 5 of the Dungeon.
             The game lasted 00:01:13 (112 turns).

leafyfresh the Trooper (Minotaur Delver)             Turns: 112, Time: 00:01:13

Health: 0/47       AC:  3    Str: 19    XL:     5   Next: 7%
Magic:  4/4        EV: 12    Int:  7    God:
Gold:   0          SH:  0    Dex: 11    Spells: 4/4 levels left

rFire   . . .        a - +0 short sword
rCold   . . .        (no shield)
rNeg    . . .        b - +0 leather armour
rPois   .            (helmet restricted)
rElec   .            (no cloak)
rCorr   .            (no gloves)
SInv    .            (no boots)
Will    .....        h - amulet of regeneration
Stlth   ++           (no ring)
HPRegen 1.07/turn    (no ring)
MPRegen 0.09/turn

%: no passive effects
@: no status effects
A: horns 2, retaliatory headbutt
a: no special abilities


You were on level 5 of the Dungeon.
You visited 1 branch of the dungeon, and saw 1 of its levels.

Inventory:

Hand Weapons
 a - a +0 short sword (weapon)
Armour
 b - a +0 leather armour (worn)
Jewellery
 h - an amulet of regeneration (around neck)
Wands
 g - a wand of digging (3)
Scrolls
 c - a scroll of fog
 d - a scroll of magic mapping
 e - a scroll of fear
Potions
 f - a potion of haste
 i - a potion of flight {unknown}


   Skills:
 + Level 4.7 Fighting
 + Level 3.4 Short Blades
 + Level 3.4 Dodging
 + Level 4.7 Stealth


You had 4 spell levels left.
You didn't know any spells.
Your spell library was empty.

Dungeon Overview and Level Annotations

Branches:
Dungeon (5/15)
 Temple: D:4-7

Altars:


Innate Abilities, Weirdness & Mutations

You have a pair of horns on your head.
You reflexively headbutt those who attack you in melee.


Message History

The white imp closely misses you.
You barely miss the white imp. Your headbutt misses the white imp.
The white imp is moderately wounded.
You barely miss the white imp.
The white imp is moderately wounded.
The white imp hits you but does no damage.
You hit the white imp but do no damage.
The white imp is moderately wounded.
The white imp barely misses you.
You hit the white imp but do no damage.
The white imp is moderately wounded.
The white imp gestures at you. The puff of frost hits you.
You hit the white imp.
The white imp is heavily wounded.
The white imp hits you but does no damage.
You hit the white imp but do no damage. Your headbutt misses the white imp.
The white imp is heavily wounded.
You closely miss the white imp.
The white imp is heavily wounded.
The white imp gestures at you. The puff of frost hits you!
You closely miss the white imp.
You headbutt the white imp, but do no damage.
The white imp is heavily wounded.
The white imp barely misses you.
You closely miss the white imp.
The white imp is heavily wounded.
The white imp gestures at you. The puff of frost hits you!
* * * LOW HITPOINT WARNING * * *
You hit the white imp.
You punch the white imp, but do no damage.
The white imp is almost dead.
The white imp hits you but does no damage.
You barely miss the white imp. Your headbutt misses the white imp.
The white imp is almost dead.
The white imp gestures at you. The puff of frost hits you!
You die...

###.#.############
##.#...#.##.......... #
....#.#.##.......... #.
#.#.#.#.##..........
#..##.#...#.##..........
........#.##..........
#####...5.#.##..........
.......@#...###.###.####
#######.†...........#
###...####.#######
#....###.# #...
#......#.# #.##
#.#.##.#.# #.#
.......#.####.#
##.............#
.........#######


You could see a white imp.

Vanquished Creatures
  An ogre (D:5)
  A scorpion (D:5)
2 creatures vanquished.

Notes
Turn   | Place    | Note
-------+----------+-------------------------------------------
     0 | D:5      | leafyfresh the Minotaur Delver began the quest for the Orb.
     0 | D:5      | Reached XP level 1. HP: 19/19 MP: 0/0
    50 | D:5      | Noticed an ogre
    57 | D:5      | Killed an ogre
    58 | D:5      | Reached XP level 2. HP: 28/28 MP: 1/1
    58 | D:5      | Reached XP level 3. HP: 34/34 MP: 2/2
    58 | D:5      | Reached XP level 4. HP: 41/41 MP: 3/3
    83 | D:5      | Noticed a scorpion
    95 | D:5      | Killed a scorpion
    96 | D:5      | Reached XP level 5. HP: 35/47 MP: 4/4
   112 | D:5      | Killed from afar by a white imp

Illustrated notes

Levels and vault maps discovered:
D:5:      layout_basic, hellmonk_okawaru_the_only_friend_you_need

Skill      XL: |  1 |
---------------+----+-----
Fighting       | 4 |  4.7
Short Blades   | 3 |  3.4
Dodging        | 3 |  3.4
Stealth        | |  4.7

Action                     |  1- 3 |  4- 6 || total
---------------------------+-------+-------++-------
  Melee: Short sword       |     4 |    21 ||    25
         Headbutt          |     2 |     3 ||     5
         Punch             |       |     1 ||     1
   Stab: Sleeping          |     1 |       ||     1
 Armour: Leather armour    |       |     6 ||     6
  Dodge: Dodged            |     2 |    12 ||    14
